 Dungeon Crawl Stone Soup version 0.28-a0-662-g1651b1f1e0 (webtiles) character file.

Game seed: 9132460158946386375

485 Irenicus the Geomancer (level 6, -4/49 HPs)
             Began as a Deep Dwarf Earth Elementalist on Oct 14, 2021.
             Slain by a centaur (9 damage)
             ... on level 7 of the Dungeon.
             The game lasted 00:04:06 (437 turns).

Irenicus the Geomancer (DDEE)                        Turns: 437, Time: 00:04:07

Health: -4/49      AC:  3    Str: 12    XL:     6   Next: 88%
Magic:  0/8        EV: 12    Int: 17    God:
Gold:   5          SH:  0    Dex: 13    Spells: 7/8 levels left

rFire   . . .      SeeInvis .   b - +0 short sword
rCold   . . .      Faith    .   (no shield)
rNeg    . . .      Spirit   .   a - +0 leather armour
rPois   .          Reflect  .   (no helmet)
rElec   .          Harm     .   (no cloak)
rCorr   .          Rampage  .   (no gloves)
Will    .....                   (no boots)
Stlth   ++........              (no amulet)
HPRegen 0.00/turn               (no ring)
MPRegen 0.11/turn               (no ring)

@: no status effects
A: damage resistance, heal wounds, sense surroundings 1, no regeneration
a: Heal Wounds


You were on level 7 of the Dungeon.
You visited 1 branch of the dungeon, and saw 7 of its levels.

You collected 5 gold pieces.


Innate Abilities, Weirdness & Mutations

You are resistant to damage.
You can heal yourself by infusing magical energy.
You passively map a small area around you.
You do not regenerate.


   Skills:
 - Level 2.1 Dodging
 - Level 2.4 Stealth
 - Level 1.7 Spellcasting
 - Level 0.8 Transmutations
 + Level 10.3 Earth Magic


You had 7 spell levels left.
You knew the following spells:

 Your Spells              Type           Power      Damage    Failure   Level
z - Sandblast             Erth           72%        2d16      1%          1

Your spell library contained the following spells:

 Spells                   Type           Power      Damage    Failure   Level
 Passwall                 Tmut/Erth      16%        N/A       3%          2
 Stone Arrow              Conj/Erth      38%        3d9       9%          3
 Petrify                  Tmut/Erth      20%        N/A       26%         4
 Malign Gateway           Summ/Tloc      0%         N/A       100%        7
 Summon Horrible Things   Summ           0%         N/A       100%        8

Inventory:

Hand Weapons
 b - a +0 short sword (weapon)
Missiles
 c - 32 stones
Armour
 a - a +0 leather armour (worn)

Dungeon Overview and Level Annotations

Branches:
Dungeon (7/15)
 Temple: D:4-7

Altars:
Okawaru

*#......# , ,
#......#### ,,
, #..........
** , o ,
#..........
c.S,
#......... , *
*
.....##......#
....c........#
........#c####
####....#@#
######.# * #.#
#.########
#........# ,
#........#
#........# *
#).(.....# * ,
#[.......# *


You could see a centaur.


Message History

Confirm with . or Enter, or press ? or * to list all spells.
Aiming: Sandblast (safe; 1% risk of failure)
Press: ? - help, Shift-Dir - straight line, f - centaur
Aim: a centaur, wielding a +0 spear and quivering arrows (89% to hit)
The blast of sand hits the centaur!!
The centaur is almost dead.
The centaur closely misses you.
The centaur kicks you but does no damage.
Casting: Sandblast (safe; 1% risk of failure)
Confirm with . or Enter, or press ? or * to list all spells.
Aiming: Sandblast (safe; 1% risk of failure)
Press: ? - help, Shift-Dir - straight line, f/p - centaur
Aim: a centaur, wielding a +0 spear and quivering arrows (almost dead, 89% to hit)
The blast of sand hits the centaur but does no damage.
The centaur is almost dead.
The centaur hits you with a +0 spear.
* * * LOW HITPOINT WARNING * * *
The centaur kicks you but does no damage.
The centaur hits you with a +0 spear.
* * * LOW HITPOINT WARNING * * *
The centaur barely misses you.
You aren't carrying any potions.
You barely miss the centaur.
The centaur is almost dead.
The centaur barely misses you.
The centaur kicks you but does no damage.
You barely miss the centaur.
The centaur is almost dead.
The centaur hits you with a +0 spear!
You die...

Skill      XL: |  1  2  3  4  5  6 |
---------------+-------------------+-----
Earth Magic    | 5 6 7 8 10 | 10.3
Dodging        | |  2.1
Stealth        | |  2.4
Spellcasting   | |  1.7
Transmutations | |  0.8

Action                   |  1- 3 |  4- 6 || total
-------------------------+-------+-------++-------
Melee: Unarmed           |    11 |    12 ||    23
       Short sword       |       |     2 ||     2
 Cast: Sandblast         |     9 |    20 ||    29
 Abil: Heal Wounds       |       |     1 ||     1
  Use: Potion            |     2 |     1 ||     3
Armor: Skin              |    10 |       ||    10
       Robe              |       |     5 ||     5
       Leather armour    |       |     3 ||     3
Dodge: Dodged            |     3 |    25 ||    28

Levels and vault maps discovered:
D:1:      zelgadis_glass_arrival_large, layout_basic, serial_curves,
          eino_curves_03, eino_curves_02, shapermc_ecumenical_altar_totnotflames
D:2:      layout_loops_ring, uniq_crazy_yiuf_cottage
D:3:      layout_rooms, chequers_serial_rivers_small_b
D:4:      layout_gridville, mainiacjoe_overflow_24_doors, chei_slow_surprise,
          minmay_temple_entry_large_hall, uniq_ijyb, uniq_grinder
D:5:      layout_basic, nicolae_ashenzari_skybound, serial_curves,
          eino_curves_03, eino_curves_01, minmay_a_box_with_orc_wizards_in_it,
          uniq_prince_ribbit1
D:6:      gammafunk_steamed_eel, layout_loops_ring, nicolae_gozag_seed_capital,
          elyvilon_altar_4, small_statue_intersection, kennysheep_small_circle
D:7:      layout_basic, nicolae_qazlal_style_of_elements, serial_glass,
          glass_columns_c, glass_columns_c, item_on_display_a, feat_on_display,
          uniq_duvessa

Notes
Turn   | Place    | Note
-------+----------+-------------------------------------------
     0 | D:1      | Irenicus the Deep Dwarf Earth Elementalist began the quest
                  | for the Orb.
     0 | D:1      | Reached XP level 1. HP: 15/15 MP: 3/3
   144 | D:4      | Found an iron altar of Okawaru.
   161 | D:4      | Noticed an orc wizard
   167 | D:5      | Entered Level 5 of the Dungeon
   181 | D:5      | Noticed an orc wizard
   181 | D:5      | Noticed an orc wizard
   183 | D:5      | Noticed an ogre
   186 | D:5      | Noticed an orc wizard
   186 | D:5      | Noticed an orc wizard
   187 | D:5      | Noticed an orc wizard
   222 | D:6      | Noticed a gnoll shaman
   229 | D:5      | Reached skill level 5 in Earth Magic
   229 | D:5      | Reached XP level 2. HP: 19/22 MP: 1/4
   240 | D:5      | Reached skill level 6 in Earth Magic
   240 | D:5      | Reached XP level 3. HP: 28/28 MP: 0/5
   255 | D:5      | Reached XP level 4. HP: 36/36 MP: 1/6
   283 | D:5      | Killed an ogre
   284 | D:5      | Reached skill level 7 in Earth Magic
   284 | D:5      | Reached XP level 5. HP: 35/42 MP: 2/7
   298 | D:6      | Noticed an ice beast
   315 | D:6      | Noticed a centaur
   322 | D:6      | Killed a centaur
   323 | D:6      | Reached skill level 8 in Earth Magic
   334 | D:6      | Reached XP level 6. HP: 25/49 MP: 3/8
   336 | D:6      | Reached skill level 9 in Earth Magic
   423 | D:7      | Noticed a water moccasin
   432 | D:7      | Killed a water moccasin
   433 | D:7      | Reached skill level 10 in Earth Magic
   437 | D:7      | Slain by a centaur

Vanquished Creatures
  A water moccasin (D:7)
  An ogre (D:5)
  A centaur (D:6)
  A bullfrog skeleton (D:5)
  A hound (D:6)
  A bullfrog zombie (D:5)
  3 orc priests
  A killer bee zombie (D:6)
  An adder (D:5)
  2 orcs
  A ball python (D:2)
  An endoplasm (D:1)
  2 rats (D:3)
17 creatures vanquished.

Table legend: (Time is in decaauts)
 A = Elapsed time spent in this place.
 B = Non-inter-level travel time spent in this place.
 C = Inter-level travel time spent in this place.
 D = Time resting spent in this place.
 E = Time spent auto-exploring this place.
 F = Levels seen in this place.
 G = Mean time per level.
                   A        B        C        D        E       F      G
               +--------+--------+--------+--------+--------+-----+--------+
         Total |    436 |    413 |     23 |     12 |      0 |   7 |   62.3 |
       Dungeon |    436 |    413 |     23 |     12 |      0 |   7 |   62.3 |
               +--------+--------+--------+--------+--------+-----+--------+

Top non-repeatable levels by time:
     D:5: 127 daAuts
     D:1: 102 daAuts
     D:7: 73 daAuts
     D:6: 69 daAuts
     D:4: 32 daAuts
     D:3: 16 daAuts
     D:2: 14 daAuts

Table legend:
 A = Non-vault XP
 B = Vault XP
 C = Vault XP percentage of total XP
 D = Non-vault monster count
 E = Vault monster count
 F = Vault count percentage of total count
                 A         B        C        D         E       F
            +---------+---------+-------+---------+---------+-------
      Total |     694 |       0 |   0.0 |      17 |       0 |   0.0
            +---------+---------+-------+---------+---------+-------
        D:1 |       2 |       0 |   0.0 |       1 |       0 |   0.0
        D:2 |       2 |       0 |   0.0 |       1 |       0 |   0.0
        D:3 |       2 |       0 |   0.0 |       2 |       0 |   0.0
        D:5 |     224 |       0 |   0.0 |       4 |       0 |   0.0
        D:6 |     224 |       0 |   0.0 |       5 |       0 |   0.0
        D:7 |     240 |       0 |   0.0 |       4 |       0 |   0.0
            +---------+---------+-------+---------+---------+-------
